[Event "Team 45 45 League T71"]
[Site "Internet Chess Club"]
[Date "2016.12.16"]
[Round "2"]
[White "fireball"]
[Black "zap2"]
[Result "1/2-1/2"]
[WhiteElo "1710"]
[BlackElo "1738"]
[Opening "Pirc defense"]
[ECO "B07"]
[Time "15:24:54"]
[TimeControl "2700+45"]

1. e4 d6 2. d4 Nf6 3. Nc3 e5 4. dxe5 dxe5 5. Qxd8+ Kxd8 6. Bc4 Ke8 7. Nf3 Bd6 8.
Bg5 Nbd7 9. O-O-O a6 10. h3 h6 11. Be3 Nf8 12. Nd2 Ne6 13. Ne2 Ke7 14. g3 Bc5
15. Bxc5+ Nxc5 16. Nc3 b5 17. Nd5+ Nxd5 18. Bxd5 Bb7 19. Bxb7 Nxb7 20. Nf3 Ke6
21. Nh4 Nd6 22. Rhe1 Rad8 23. Ng2 g5 24. f3 Nc4 25. b3 Nd6 26. Ne3 h5 27. Nd5
Rd7 28. Rd3 f5 29. Red1 fxe4 30. Nxc7+ Rxc7 31. Rxd6+ Ke7 32. fxe4 Rf8 33. Rg6
Rf2 34. Rg7+ Rf7 35. Rxf7+ Kxf7 36. Kb2 b4 37. Rd3 Ke6 38. c4 Rf7 39. Kc2 h4 40.
gxh4 gxh4 41. Rd2 Rf4 42. Rg2 Kf7 43. c5 Rf3 44. Kd2 Rxh3 45. Rg5 Kf6 46. Rf5+
Ke6 47. Rh5 Rh2+ 48. Kd3 h3 49. Kc4 Re2 50. Kxb4 Rxe4+ 51. Ka5 Re2 52. a4 Re3
53. b4 Rb3 54. Kxa6 Rxb4 55. Rxh3 Kd5 56. Ka5 Kxc5 57. Rc3+ Rc4 58. Rxc4+ Kxc4
59. Kb6 e4 60. a5 e3 61. a6 e2 62. a7 e1=Q 63. a8=Q Qb1+ 64. Ka7 Qa2+ 65. Kb8
Qh2+ 66. Kb7 Qg2+ 67. Ka7 Qf2+ 68. Kb7 Qf3+ 69. Ka7 Qe3+ 70. Kb7 Qe7+ 71. Kb8
Qd6+ 72. Ka7 Qc5+ 73. Kb8 Qd6+ 74. Ka7 {Game drawn by mutual agreement} 1/2-1/2

[Event "Team 45 45 League T71"]
[Site "Internet Chess Club"]
[Date "2016.12.18"]
[Round "2"]
[White "idjit"]
[Black "Ajolote"]
[Result "1-0"]
[WhiteElo "1594"]
[BlackElo "1737"]
[Opening "Sicilian: Grand Prix attack"]
[ECO "B23"]
[Time "12:44:50"]
[TimeControl "2700+45"]

1. e4 c5 2. Nc3 Nc6 3. f4 e6 4. Nf3 g6 5. Bb5 Nge7 6. O-O Bg7 7. e5 Qc7 8. Ne4
Nf5 9. Qe1 O-O 10. Nf6+ Bxf6 11. exf6 Nb4 12. Ba4 Nd5 13. g4 Qxf4 14. gxf5 Qxa4
15. d4 Qxc2 16. Qh4 Nxf6 17. Qxf6 Qxf5 18. Qh4 Qh5 19. Qxh5 gxh5 20. Bh6 Re8 21.
Ne5 f5 22. Kf2 Re7 23. Rg1+ Kh8 24. Rg5 d6 25. Rag1 Bd7 26. Bg7+ Rxg7 27. Rxg7
dxe5 28. Rxd7 exd4 29. Rgg7 e5 30. Rxh7+ Kg8 31. Rxh5 Rf8 32. Rhh7 Rf6 33. Rhe7
e4 34. Re8+ Rf8 35. Rxf8+ Kxf8 36. Rd5 {Black resigns} 1-0

[Event "Team 45 45 League T71"]
[Site "Internet Chess Club"]
[Date "2016.12.17"]
[Round "2"]
[White "Skeptic1972"]
[Black "losscause"]
[Result "1/2-1/2"]
[WhiteElo "1529"]
[BlackElo "1521"]
[Opening "Scandinavian: Icelandic gambit"]
[ECO "B01"]
[Time "12:02:33"]
[TimeControl "2700+45"]

1. e4 d5 2. exd5 Nf6 3. c4 e6 4. dxe6 Bxe6 5. Nf3 Qe7 6. Be2 Bxc4 7. Nc3 Nc6 8.
O-O Bxe2 9. Qxe2 O-O-O 10. Qb5 Qc5 11. a4 h6 12. b3 a6 13. Qxc5 Bxc5 14. Ba3
Bxa3 15. Rxa3 Rhe8 {Game drawn by mutual agreement} 1/2-1/2

[Event "Team 45 45 League T71"]
[Site "Internet Chess Club"]
[Date "2016.12.16"]
[Round "2"]
[White "drsigmund1"]
[Black "crazyhorses"]
[Result "0-1"]
[WhiteElo "1470"]
[BlackElo "1364"]
[Opening "Queen's pawn, Mason variation, Steinitz counter-gambit"]
[ECO "D00"]
[Time "12:00:12"]
[TimeControl "2700+45"]

1. d4 d5 2. Bf4 c5 3. c3 Nc6 4. Nf3 Bf5 5. e3 Nf6 6. Be2 e6 7. Nbd2 Bd6 8. Ne5
O-O 9. O-O Qc7 10. Ndf3 h6 11. dxc5 Bxe5 12. Nxe5 Nxe5 13. Qd4 Nfd7 14. Bb5 f6
15. h3 Qxc5 16. Bxd7 Qxd4 17. exd4 Nxd7 18. g4 Bh7 19. Rfe1 Rfe8 20. h4 e5 21.
dxe5 fxe5 22. Be3 b6 23. Rad1 Be4 24. Bxh6 gxh6 25. Rxe4 dxe4 26. Rxd7 Rad8 27.
Rxa7 Rd1+ 28. Kg2 Rd2 29. b4 Rf8 30. Ra6 Rdxf2+ 31. Kg1 e3 32. Rxb6 e2 33. Rg6+
Kh7 {White resigns} 0-1

[Event "Team 45 45 League T71"]
[Site "Internet Chess Club"]
[Date "2016.12.16"]
[Round "2"]
[White "chessnow"]
[Black "viktory"]
[Result "1-0"]
[WhiteElo "1756"]
[BlackElo "1634"]
[Opening "Sicilian: accelerated fianchetto, modern variation"]
[ECO "B34"]
[Time "20:07:56"]
[TimeControl "2700+45"]

1. e4 c5 2. Nf3 Nc6 3. d4 cxd4 4. Nxd4 g6 5. Nc3 Bg7 6. Be3 Nf6 7. f3 O-O 8. Qd2
d5 9. Nxc6 bxc6 10. O-O-O e6 11. h4 Bb7 12. Bd4 Rc8 13. Na4 Nd7 14. Bxg7 Kxg7
15. h5 Rh8 16. Kb1 Rb8 17. f4 Qf6 18. g4 dxe4 19. h6+ Kf8 20. Qxd7 Qxf4 21. Nc5
{Black resigns} 1-0

[Event "Team 45 45 League T71"]
[Site "Internet Chess Club"]
[Date "2016.12.17"]
[Round "2"]
[White "ascoli"]
[Black "karthikkallam"]
[Result "1-0"]
[WhiteElo "1587"]
[BlackElo "1337"]
[Opening "Giuoco Piano: Greco's attack"]
[ECO "C54"]
[Time "11:02:49"]
[TimeControl "2700+45"]

1. e4 e5 2. Nf3 Nc6 3. Bc4 Bc5 4. c3 Nf6 5. d4 exd4 6. cxd4 Bb4+ 7. Nc3 Bxc3+ 8.
bxc3 Nxe4 9. O-O O-O 10. Re1 Re8 11. Qb3 Nd6 12. Bg5 Rxe1+ 13. Rxe1 Qf8 14. Bd5
h6 15. Bf4 b6 16. Bxd6 Qxd6 17. Bxf7+ Kh8 18. Re8+ Kh7 19. Qc2+ g6 20. Bxg6+
Qxg6 21. Rh8+ Kxh8 22. Qxg6 Bb7 23. Qxh6+ Kg8 24. Ng5 Ne7 25. Qh7+ Kf8 26. Qf7#
{Black checkmated} 1-0

[Event "Team 45 45 League T71"]
[Site "Internet Chess Club"]
[Date "2016.12.16"]
[Round "2"]
[White "KnightmanAJ"]
[Black "arnav07"]
[Result "1/2-1/2"]
[WhiteElo "1374"]
[BlackElo "1493"]
[Opening "Giuoco Piano"]
[ECO "C54"]
[Time "18:00:12"]
[TimeControl "2700+45"]

1. e4 e5 2. Nf3 Nc6 3. Bc4 Bc5 4. c3 Nf6 5. d4 exd4 6. cxd4 Bb4+ 7. Bd2 Nxe4 8.
Bxb4 Nxb4 9. Bxf7+ Kxf7 10. Qb3+ d5 11. Ne5+ Ke7 12. Qxb4+ Qd6 13. Qxd6+ Nxd6
14. Nc3 c6 15. O-O Bf5 16. Rfe1 Kf6 17. g4 Be6 18. f4 Rae8 19. h4 g6 20. g5+ Kg7
21. Ne2 Rhf8 22. Rf1 Nf7 23. Ng3 Nxe5 24. fxe5 Bh3 25. Rxf8 Rxf8 26. Kh2 Be6 27.
Rf1 Rxf1 28. Nxf1 b6 29. Nd2 c5 30. Nb3 cxd4 31. Nxd4 Bd7 32. Kg3 Kf7 33. Kf4
Ke7 34. b3 Be6 35. Nc6+ Kd7 36. Nxa7 Bh3 37. Nb5 Bf1 38. Nd4 b5 39. b4 Bd3 40.
Kg4 Bf1 41. h5 Bd3 42. a3 Ke7 43. e6 Kd6 44. hxg6 hxg6 45. Kh4 {Game drawn by
mutual agreement} 1/2-1/2

[Event "Team 45 45 League T71"]
[Site "Internet Chess Club"]
[Date "2016.12.16"]
[Round "2"]
[White "JJ12"]
[Black "XNPchess"]
[Result "0-1"]
[WhiteElo "2123"]
[BlackElo "2049"]
[Opening "Philidor: Improved Hanham variation"]
[ECO "B07"]
[Time "13:01:21"]
[TimeControl "2700+45"]

1. e4 d6 2. d4 Nf6 3. Nc3 e5 4. Nf3 Nbd7 5. Bc4 Be7 6. O-O c6 7. a4 a5 8. Re1
O-O 9. h3 exd4 10. Nxd4 Nc5 11. Ba2 Qb6 12. Rb1 Qb4 13. Nf5 Bxf5 14. exf5 Rfe8
15. Bd2 Qh4 16. Qf3 Nxa4 17. g3 Qd4 18. Be3 Qb4 19. Bd2 Nxc3 20. Bxc3 Qa4 21.
Bb3 Qb5 22. Re3 d5 23. Rbe1 Bc5 24. Rxe8+ Rxe8 25. Rxe8+ Nxe8 26. Qg4 f6 27. Kg2
Kf8 28. Qh5 h6 29. h4 Nd6 30. Qg4 Ne4 31. Qf4 Nxf2 32. Qb8+ Kf7 33. Qc7+ Kg8 34.
Bxf6 gxf6 35. Qc8+ Bf8 36. Kxf2 a4 37. Ba2 Qxb2 38. Qe6+ Kh8 39. Qe8 Qxc2+ 40.
Kg1 Qc5+ 41. Kg2 Qe7 42. Qg6 b5 43. g4 Qe2+ {White resigns} 0-1

[Event "Team 45 45 League T71"]
[Site "Internet Chess Club"]
[Date "2016.12.18"]
[Round "2"]
[White "Monterrey"]
[Black "TheRailgun"]
[Result "1-0"]
[WhiteElo "2051"]
[BlackElo "1817"]
[Opening "Benoni: 6.e4"]
[ECO "A65"]
[Time "14:02:39"]
[TimeControl "2700+45"]

1. d4 Nf6 2. c4 c5 3. d5 e6 4. Nc3 exd5 5. cxd5 d6 6. e4 g6 7. Bd3 Bg7 8. h3 O-O
9. Bg5 Re8 10. Nf3 a6 11. a4 Nbd7 12. O-O Qc7 13. Bc2 Rb8 14. Qd3 c4 15. Qd2 b5
16. axb5 axb5 17. Nd4 b4 18. Ncb5 Qb6 19. Rfe1 b3 20. Bb1 Nc5 21. Nc3 Bd7 22.
Nf3 Qc7 23. Qf4 Nh5 24. Qd2 Bb5 25. Nd4 Bd7 26. g4 Nf6 27. Bf4 Bc8 28. Ncb5 Qd7
29. Nxd6 {Black resigns} 1-0

[Event "Team 45 45 League T71"]
[Site "Internet Chess Club"]
[Date "2016.12.19"]
[Round "2"]
[White "charles-allen"]
[Black "jonesey"]
[Result "1-0"]
[WhiteElo "1878"]
[BlackElo "1907"]
[Opening "Queen's pawn game"]
[ECO "D00"]
[Time "21:00:42"]
[TimeControl "2700+45"]

1. d4 Nf6 2. Nc3 d5 3. Bf4 Nh5 4. e3 Nxf4 5. exf4 Qd6 6. Qd2 Nc6 7. Nf3 a6 8.
Be2 f6 9. O-O-O g6 10. Kb1 Bh6 11. g3 Be6 12. Na4 O-O 13. Nc5 Bc8 14. Qe1 e5 15.
fxe5 fxe5 16. Nb3 e4 17. Nh4 Bh3 18. Rg1 Rae8 19. Ng2 Qf6 20. Nf4 Bxf4 21. gxf4
Qxf4 22. Rg3 Bc8 23. Qg1 Qxf2 24. Rxg6+ Kh8 25. Rg8+ Rxg8 26. Qxf2 Ref8 27. Qe3
Rf6 28. Rg1 Rxg1+ 29. Qxg1 Rg6 30. Qf1 Kg7 31. Bh5 Rf6 32. Qg1+ Kf8 33. Bg4 Bxg4
34. Qxg4 Rf1+ 35. Nc1 Nxd4 36. b3 Rf2 37. Qc8+ Ke7 38. Qxc7+ Ke6 39. Qb6+ Ke5
40. c3 Rd2 41. cxd4+ Rxd4 42. Qc7+ Ke6 43. Kc2 e3 44. Qb6+ Ke5 45. Nd3+ Ke4 46.
Qe6+ Kf3 47. Qf6+ {Black resigns} 1-0

[Event "Team 45 45 League T71"]
[Site "Internet Chess Club"]
[Date "2016.12.18"]
[Round "2"]
[White "laurenpar"]
[Black "spongenotbob"]
[Result "0-1"]
[WhiteElo "1896"]
[BlackElo "1964"]
[Opening "English opening"]
[ECO "A16"]
[Time "23:01:47"]
[TimeControl "2700+45"]

1. c4 Nf6 2. Nc3 g6 3. g3 Bg7 4. Bg2 d6 5. Nf3 O-O 6. O-O e5 7. d3 a5 8. Rb1 Nc6
9. Bg5 h6 10. Bxf6 Bxf6 11. a3 Bg7 12. Nd2 f5 13. f4 Re8 14. Nd5 exf4 15. gxf4
Nd4 16. e3 Ne6 17. Nf3 c6 18. Nc3 Nc5 19. Re1 g5 20. fxg5 hxg5 21. d4 Ne6 22. h3
g4 23. hxg4 fxg4 24. Nh2 Qh4 25. Ne4 Ng5 26. Nxg5 Qxg5 27. Nf1 Rf8 28. Re2 Bf5
29. Rc1 g3 30. Qe1 Bd3 31. Rd2 Bxf1 32. Bxf1 Rae8 33. Rd3 Rf2 {White resigns}
0-1

[Event "Team 45 45 League T71"]
[Site "Internet Chess Club"]
[Date "2016.12.18"]
[Round "2"]
[White "NashGames"]
[Black "dp15"]
[Result "1-0"]
[WhiteElo "2215"]
[BlackElo "2058"]
[Opening "Scotch game"]
[ECO "C45"]
[Time "16:35:39"]
[TimeControl "2700+45"]

1. e4 e5 2. Nf3 Nc6 3. d4 exd4 4. Nxd4 Bc5 5. Be3 Qf6 6. c3 Nge7 7. Bc4 O-O 8.
O-O Bb6 9. Na3 a6 10. Bb3 Ng6 11. Qd2 h6 12. f4 d6 13. Nc4 Ba7 14. Nxc6 Bxe3+
15. Qxe3 bxc6 16. e5 Qe7 17. f5 Nxe5 18. Rae1 Bd7 19. f6 gxf6 20. Qxh6 Be6 21.
Rxf6 Bf5 22. Rxf5 Nf3+ 23. gxf3 Qxe1+ 24. Kg2 Qe2+ 25. Kg3 Qe1+ 26. Kf4 f6 27.
Qg6+ Kh8 28. Rh5# {Black checkmated} 1-0

[Event "Team 45 45 League T71"]
[Site "Internet Chess Club"]
[Date "2016.12.23"]
[Round "2"]
[White "hood"]
[Black "lacibacsi"]
[Result "1-0"]
[WhiteElo "1937"]
[BlackElo "2041"]
[Opening "Caro-Kann: Bronstein-Larsen variation"]
[ECO "B16"]
[Time "14:01:51"]
[TimeControl "2700+45"]

1. e4 c6 2. d4 d5 3. Nc3 dxe4 4. Nxe4 Nf6 5. Nxf6+ gxf6 6. Nf3 Rg8 7. Bf4 Bf5 8.
Bg3 Qa5+ 9. c3 e6 10. Bd3 Nd7 11. O-O Bxd3 12. Qxd3 Qh5 13. c4 O-O-O 14. a3 Ne5
15. Bxe5 fxe5 16. Rfe1 exd4 17. Re4 Qg6 18. g3 c5 19. Ne5 Qf5 20. Qe2 Bd6 21. b4
h5 22. bxc5 Bxc5 23. Nd3 Bd6 24. c5 Bc7 25. c6 bxc6 26. Rc1 Rg4 27. Re5 Bxe5 28.
Nxe5 d3 29. Qb2 Rd6 30. Nxc6 Qg5 31. Ne5+ Kd8 32. Nxf7+ {Black resigns} 1-0

[Event "Team 45 45 League T71"]
[Site "Internet Chess Club"]
[Date "2016.12.17"]
[Round "2"]
[White "samit"]
[Black "Fianchettoed"]
[Result "1-0"]
[WhiteElo "1508"]
[BlackElo "1674"]
[Opening "King's Indian: Torre attack"]
[ECO "A48"]
[Time "12:00:37"]
[TimeControl "2700+45"]

1. d4 Nf6 2. Nf3 g6 3. Bg5 Bg7 4. Nbd2 c5 5. c3 cxd4 6. cxd4 Qa5 7. Qc2 d6 8.
Qxc8+ Qd8 9. Qxd8+ Kxd8 10. e4 Nc6 11. Bc4 Nxd4 12. Nxd4 Ng4 13. N2b3 Ne5 14.
Bd5 Rb8 15. f4 Nd3+ 16. Ke2 Nxb2 17. Bxf7 Kd7 18. Be6+ Kd8 19. Rab1 Na4 20. Rhc1
a6 21. Bd5 Kd7 22. Ne6 Nc3+ 23. Kd3 Nxb1 24. Rc7+ {Black resigns} 1-0

[Event "Team 45 45 League T71"]
[Site "Internet Chess Club"]
[Date "2016.12.17"]
[Round "2"]
[White "primerpaso"]
[Black "Ptzz"]
[Result "0-1"]
[WhiteElo "1797"]
[BlackElo "2052"]
[Opening "English opening"]
[ECO "A10"]
[Time "12:00:59"]
[TimeControl "2700+45"]

1. c4 b6 2. Nc3 Bb7 3. d4 e6 4. Nf3 Bb4 5. Bd2 f5 6. a3 Bxc3 7. Bxc3 Nf6 8. e3
O-O 9. Bd3 Ne4 10. Rc1 d6 11. O-O Nd7 12. Nd2 Nxc3 13. Rxc3 Qg5 14. g3 Nf6 15.
f4 Qh6 16. Qe2 Rae8 17. e4 c5 18. dxc5 dxc5 19. Bc2 Qg6 20. Re3 Ng4 21. Ref3 Rd8
22. Re1 Qh5 23. Rc3 Qxh2+ 24. Qxh2 Nxh2 25. Re2 Ng4 26. exf5 exf5 27. Nf3 Bxf3
28. Rxf3 g6 29. Ba4 Rf6 30. b4 Rfd6 31. Re7 Rd3 32. Kg2 Rd2+ 33. Kg1 Ra2 34.
bxc5 Rdd2 35. Re1 bxc5 36. Rb3 Kg7 37. Rf3 Nf2 38. Bc6 Nh3+ {White resigns} 0-1

[Event "Team 45 45 League T71"]
[Site "Internet Chess Club"]
[Date "2016.12.18"]
[Round "2"]
[White "Capt-Morgan"]
[Black "kabindra"]
[Result "1-0"]
[WhiteElo "1860"]
[BlackElo "1714"]
[Opening "QGD Slav/Grünfeld: Schlechter variation"]
[ECO "D15"]
[Time "14:01:06"]
[TimeControl "2700+45"]

1. d4 d5 2. c4 c6 3. Nf3 Nf6 4. Nc3 g6 5. cxd5 cxd5 6. Bf4 a6 7. e3 Bg7 8. Bd3
O-O 9. h3 Nc6 10. O-O Re8 11. Qb3 b5 12. Rac1 Na5 13. Qc2 Nc4 14. b3 Nd6 15. Be5
Bb7 16. Nd2 Rc8 17. Qb1 Qa5 18. Qb2 Nde4 19. b4 Qd8 20. Nb3 Nxc3 21. Rxc3 Rxc3
22. Qxc3 Ne4 23. Bxe4 Bxe5 24. Bxg6 Bb8 25. Bc2 Qd6 26. f4 Qh6 27. Nc5 Bc8 28.
Rf3 Qh4 29. a4 Kh8 30. axb5 axb5 31. Qd3 Rg8 32. Kf1 Bd6 33. Qxb5 Qh6 34. Qc6
Qg7 35. g4 Bxg4 36. hxg4 Qxg4 37. Rf2 Qg1+ 38. Ke2 Qc1 39. Nd3 Qh1 40. Bb3 Qh5+
41. Kd2 Rb8 42. b5 Qh4 43. Rg2 Qh3 44. Qxd5 Rxb5 45. Rg8+ Kxg8 46. Qxf7+ {Black
resigns} 1-0

[Event "Team 45 45 League T71"]
[Site "Internet Chess Club"]
[Date "2016.12.17"]
[Round "2"]
[White "Heian"]
[Black "laurenpar"]
[Result "0-1"]
[WhiteElo "1734"]
[BlackElo "1910"]
[Opening "French: advance, Euwe variation"]
[ECO "C02"]
[Time "21:00:28"]
[TimeControl "2700+45"]

1. e4 e6 2. d4 d5 3. e5 c5 4. c3 Nc6 5. Nf3 Bd7 6. Bd3 cxd4 7. cxd4 Qb6 8. O-O
Nxd4 9. Nxd4 Qxd4 10. Nc3 a6 11. Be3 Qxe5 12. Re1 Nf6 13. Qf3 Qd6 14. Bf4 Qb6
15. Nxd5 Nxd5 16. Qxd5 Be7 17. Qh5 Qd4 18. Rad1 Qxf4 19. Re4 Qg5 20. Qe2 Bc6 21.
Rg4 Qf6 22. g3 g6 23. Rf4 Qg7 24. h4 h5 25. Be4 O-O 26. Bxc6 bxc6 27. Rd7 Bf6
28. Re4 Rfe8 29. Rf4 Re7 30. Rd2 Rb7 31. b3 a5 32. Qf3 Be5 33. Rc4 Rc8 34. Rxc6
Rxc6 35. Qxc6 Rb8 36. Rd7 Qf8 37. Ra7 Qd8 38. Rd7 Qc8 39. Qa4 Bc3 40. Rd3 Bb4
41. Kg2 Qb7+ 42. Kh2 Qb5 43. Rd8+ Kg7 44. Rxb8 Qxb8 45. a3 Bc3 46. Qc4 Qe5 47.
Qd3 Qd4 48. Qf3 e5 49. Kg2 e4 50. Qe2 Qd3 51. Kf1 Qxe2+ 52. Kxe2 Kf6 53. Ke3 Ke5
54. f4+ Kd5 55. g4 f5 56. gxf5 gxf5 57. Kf2 Kd4 58. Ke2 e3 59. b4 axb4 60. axb4
Bxb4 61. Kf1 Kd3 62. Kg2 e2 63. Kf3 e1=Q 64. Kg2 Qe4+ 65. Kg3 Be1+ 66. Kh3 Qf3+
67. Kh2 Bg3+ 68. Kh3 Bf2+ 69. Kh2 Qg3+ 70. Kh1 Qg1# {White checkmated} 0-1

[Event "Team 45 45 League T71"]
[Site "Internet Chess Club"]
[Date "2016.12.18"]
[Round "2"]
[White "anishio"]
[Black "pokerram"]
[Result "0-1"]
[WhiteElo "1669"]
[BlackElo "1569"]
[Opening "Sicilian: Najdorf, Opocensky variation"]
[ECO "B92"]
[Time "21:30:29"]
[TimeControl "2700+45"]

1. e4 c5 2. Nf3 d6 3. d4 cxd4 4. Nxd4 Nf6 5. Nc3 a6 6. Be2 e5 7. Nb3 Be6 8. O-O
Be7 9. Be3 Nbd7 10. a4 Nc5 11. Nxc5 dxc5 12. f3 O-O 13. Kh1 Qc7 14. Nd5 Bxd5 15.
exd5 c4 16. f4 e4 17. Qd4 Rac8 18. Rfd1 Rfd8 19. a5 Bc5 20. Qxc4 Bxe3 {White
resigns} 0-1

[Event "Team 45 45 League T71"]
[Site "Internet Chess Club"]
[Date "2016.12.15"]
[Round "2"]
[White "lacibacsi"]
[Black "ChessHouston"]
[Result "1-0"]
[WhiteElo "2063"]
[BlackElo "1937"]
[Opening "Pirc defense"]
[ECO "B07"]
[Time "15:12:52"]
[TimeControl "2700+45"]

1. e4 d6 2. d4 Nf6 3. Nc3 g6 4. Be3 c6 5. h3 b5 6. e5 b4 7. exf6 bxc3 8. bxc3
exf6 9. Bd3 Bg7 10. Nf3 O-O 11. O-O Nd7 12. Qd2 Qa5 13. Bf4 Qa3 14. Rfe1 Nb6 15.
c4 Rd8 16. Re3 Qb2 17. Qe1 Ba6 18. Rb1 Qa3 19. Bxg6 Qa4 20. Bxf7+ Kxf7 21. Re7+
Kf8 22. Qe6 Bxc4 23. Rf7+ Kg8 24. Rxg7+ Kh8 25. Qxf6 Nd5 26. Rxh7+ {Black
resigns} 1-0

[Event "Team 45 45 League T71"]
[Site "Internet Chess Club"]
[Date "2016.12.18"]
[Round "2"]
[White "Signalman"]
[Black "JPSVI"]
[Result "1-0"]
[WhiteElo "1843"]
[BlackElo "1759"]
[Opening "French: exchange variation"]
[ECO "C01"]
[Time "13:05:23"]
[TimeControl "2700+45"]

1. e4 e6 2. d4 d5 3. exd5 exd5 4. Bf4 Bd6 5. Qd2 Nf6 6. Nc3 O-O 7. Bd3 Nc6 8.
Nge2 Bxf4 9. Qxf4 Nb4 10. O-O-O Nxd3+ 11. Rxd3 c6 12. f3 Be6 13. g4 Qd7 14. Qg3
Rad8 15. Nf4 Qd6 16. Nxe6 Qxe6 17. Re1 Qd7 18. Rde3 Rfe8 19. Re5 Rxe5 20. dxe5
d4 21. Rd1 Ne8 22. Ne4 Qd5 23. Kb1 Qb5 24. f4 Qe2 25. Re1 d3 26. Rxe2 dxe2 27.
Nd6 Nxd6 28. Qe1 Nc4 29. Qxe2 Rd2 30. Qe1 Rxh2 31. a3 Nd2+ 32. Ka2 Nf3 33. Qe3
Rh3 34. Qxa7 g6 35. Qxb7 c5 36. Qc8+ Kg7 37. g5 {Black resigns} 1-0

[Event "Team 45 45 League T71"]
[Site "Internet Chess Club"]
[Date "2016.12.17"]
[Round "2"]
[White "Tobiasdelmonte"]
[Black "LiangLiang"]
[Result "0-1"]
[WhiteElo "1737"]
[BlackElo "1975"]
[Opening "Catalan: closed, main line"]
[ECO "E09"]
[Time "19:30:14"]
[TimeControl "2700+45"]

1. d4 Nf6 2. Nf3 d5 3. c4 e6 4. g3 Be7 5. Bg2 O-O 6. O-O Nbd7 7. Nbd2 c6 8. Qc2
b6 9. e4 dxe4 10. Nxe4 Bb7 11. Neg5 h6 12. Nh3 c5 13. dxc5 Nxc5 14. Rd1 Qc8 15.
b3 Be4 16. Qe2 Rd8 17. Be3 Bd3 18. Qb2 Be4 19. Bd4 Nd3 20. Rxd3 Bxd3 21. Ne5 Be4
22. Bxe4 Nxe4 23. Ng4 f5 24. Ne3 Rxd4 25. Qxd4 Bf6 26. Qd1 Bxa1 27. Qxa1 Qd8 28.
Nf4 Kf7 29. Nh5 Qg5 30. Nf4 Qf6 31. Qd1 Rd8 32. Qh5+ Kg8 33. h4 Qa1+ 34. Kg2
Qxa2 35. Nh3 Kf8 36. Qg6 Rd2 37. Qxe6 Rxf2+ 38. Kh1 Qa1+ {White resigns} 0-1

[Event "Team 45 45 League T71"]
[Site "Internet Chess Club"]
[Date "2016.12.18"]
[Round "2"]
[White "watkins"]
[Black "nidusin2"]
[Result "0-1"]
[WhiteElo "1574"]
[BlackElo "1583"]
[Opening "English, 1...Nf6 (Anglo-Indian defense)"]
[ECO "A15"]
[Time "05:01:10"]
[TimeControl "2700+45"]

1. c4 Nf6 2. g3 e6 3. Bg2 Nc6 4. a3 d5 5. cxd5 exd5 6. e3 Bf5 7. Ne2 Ne5 8. d4
Nd3+ 9. Kf1 Ng4 10. Qb3 Ngxf2 11. Rg1 Nh3 12. Rh1 Qf6 13. Nf4 Nxc1 14. Qxb7 Rd8
15. Qxc7 Rc8 16. Qb7 g5 17. Nxd5 Bd3+ 18. Ke1 Qf2+ 19. Kd1 Qe2# {White
checkmated} 0-1

[Event "Team 45 45 League T71"]
[Site "Internet Chess Club"]
[Date "2016.12.17"]
[Round "2"]
[White "Gojira"]
[Black "idjit"]
[Result "0-1"]
[WhiteElo "1616"]
[BlackElo "1595"]
[Opening "Queen's pawn: London system"]
[ECO "A45"]
[Time "10:00:35"]
[TimeControl "2700+45"]

1. d4 Nf6 2. Bf4 e6 3. e3 b6 4. Nf3 Bb7 5. Bd3 d6 6. Nbd2 Be7 7. Qe2 a5 8. e4
Ba6 9. Nc4 d5 10. exd5 exd5 11. Nce5 Bxd3 12. Qxd3 O-O 13. Ng5 h6 14. Ngxf7 Rxf7
15. Qg6 Qe8 16. Bxh6 Nbd7 17. Qxf7+ Qxf7 18. Nxf7 Kxf7 19. Bf4 Re8 20. O-O c6
21. Rfe1 Bb4 22. c3 Bf8 23. Be5 Nxe5 24. Rxe5 Rxe5 25. dxe5 Ne4 26. f3 Bc5+ 27.
Kf1 Nd2+ 28. Ke2 Nc4 29. f4 Nxb2 30. f5 Na4 31. Rc1 Ba3 32. Rc2 Nc5 33. Kf3 Ne4
34. h4 b5 35. g4 Be7 36. g5 c5 37. Kg4 d4 38. cxd4 cxd4 39. e6+ Ke8 40. Rc8+ Bd8
41. Kf4 d3 42. Rc1 Nf2 43. Ke3 Bb6+ 44. Kd2 a4 45. Rc8+ Ke7 46. Ra8 Bc5 47. Rc8
Bb4+ 48. Ke3 d2 49. Rc7+ Ke8 50. f6 gxf6 51. gxf6 d1=Q 52. Rc8+ Qd8 53. Rxd8+
Kxd8 54. Kxf2 Bc3 55. Ke3 Bxf6 56. Ke4 b4 57. Kd3 b3 58. axb3 axb3 59. h5 Ke7
{White resigns} 0-1

[Event "Team 45 45 League T71"]
[Site "Internet Chess Club"]
[Date "2016.12.16"]
[Round "2"]
[White "TwinsburgOHUSA"]
[Black "akshayk06"]
[Result "1-0"]
[WhiteElo "1378"]
[BlackElo "1448"]
[Opening "Caro-Kann: Steinitz variation"]
[ECO "B17"]
[Time "22:00:13"]
[TimeControl "2700+45"]

1. e4 c6 2. d4 d5 3. Nd2 dxe4 4. Nxe4 Nd7 5. Bc4 Ngf6 6. Nxf6+ Nxf6 7. Nf3 Bg4
8. Bg5 Ne4 9. Ne5 Qa5+ 10. Bd2 Qxd2+ 11. Qxd2 Nxd2 12. Bxf7+ Kd8 13. Nxg4 h5 14.
Ne5 Ne4 15. Ng6 {Black resigns} 1-0

[Event "Team 45 45 League T71 u"]
[Site "Internet Chess Club"]
[Date "2016.12.16"]
[Round "2"]
[White "guyd52"]
[Black "Kingofknights"]
[Result "1/2-1/2"]
[WhiteElo "1347"]
[BlackElo "1503"]
[Opening "Réti: King's Indian attack (with ...c5)"]
[ECO "A08"]
[Time "19:05:22"]
[TimeControl "2700+45"]

1. Nf3 d5 2. g3 c5 3. d3 Nc6 4. Bg2 e5 5. Nbd2 Nf6 6. O-O Be7 7. e4 Be6 8. exd5
Bxd5 9. Re1 Nd7 10. b3 Qc7 11. Nh4 O-O 12. Bxd5 Bxh4 13. Ne4 Be7 14. Be3 Nf6 15.
Nxf6+ Bxf6 16. Bxc5 Rfe8 17. Be4 Rad8 18. Qf3 Qd7 19. Bxc6 bxc6 20. Re4 a6 21.
Kg2 Qd5 22. Bb6 Rd7 23. h4 Re6 24. Rae1 c5 25. Ba5 c4 26. Bc3 cxd3 27. Qxd3 Qc6
28. Qc4 Qxc4 29. Rxc4 g6 30. Rce4 Rc7 31. Bxe5 Bxe5 32. Rxe5 Rxc2 33. Rxe6 fxe6
34. a4 Kf7 35. Re4 Rc5 36. g4 h6 37. f3 a5 38. Rd4 Ke7 39. Kg3 e5 40. Rc4 Kd6
41. Re4 Kd5 42. b4 axb4 43. Rxb4 Rc6 44. a5 Ra6 {Game drawn by mutual agreement}
1/2-1/2

[Event "Team 45 45 League T71"]
[Site "Internet Chess Club"]
[Date "2016.12.17"]
[Round "2"]
[White "liujf"]
[Black "Just-Jim"]
[Result "0-1"]
[WhiteElo "1330"]
[BlackElo "1285"]
[Opening "Philidor's defense"]
[ECO "C41"]
[Time "11:00:34"]
[TimeControl "2700+45"]

1. e4 e5 2. Nf3 d6 3. Bc4 c6 4. O-O Nf6 5. Re1 Be7 6. c3 O-O 7. d4 Nbd7 8. Bg5
h6 9. Bh4 d5 10. exd5 cxd5 11. dxe5 dxc4 12. exf6 Bxf6 13. Bxf6 Qxf6 14. Na3 Nb6
15. Ne5 Be6 16. Re4 Rfd8 17. Qe2 Rac8 18. Naxc4 Nd5 19. Qf3 Qxf3 20. Nxf3 Nf6
21. Ncd2 Nxe4 22. Nxe4 Bd5 23. Ned2 Bxf3 24. Nxf3 Rc7 25. h3 Rcd7 26. Nd4 Re7
27. a4 g6 28. a5 a6 29. Kh2 Rd5 30. b4 Rc7 31. Rc1 Re5 32. Kg1 Rce7 33. Kf1 f5
34. c4 Re4 35. Nf3 Rc7 36. Nd2 Rd4 37. Ke1 Rcd7 38. Rc2 Re7+ 39. Kf1 g5 40. Nf3
Rd1+ 41. Ne1 Rexe1# {White checkmated} 0-1

[Event "Team 45 45 League T71"]
[Site "Internet Chess Club"]
[Date "2016.12.15"]
[Round "2"]
[White "az2112"]
[Black "milesotoole"]
[Result "1/2-1/2"]
[WhiteElo "1638"]
[BlackElo "1645"]
[Opening "Sicilian: accelerated fianchetto, modern variation"]
[ECO "B34"]
[Time "22:03:32"]
[TimeControl "2700+45"]

1. e4 c5 2. Nf3 g6 3. d4 cxd4 4. Nxd4 Nc6 5. Nc3 Bg7 6. Be3 Nf6 7. f3 O-O 8. Qd2
d5 9. exd5 Nxd5 10. Nxc6 bxc6 11. Bd4 Bxd4 12. Qxd4 e5 13. Qd2 Qh4+ 14. g3 Qb4
15. Nxd5 Qxd2+ 16. Kxd2 cxd5 17. Re1 f6 18. Bb5 Rb8 19. Bc6 Be6 20. Ba4 d4 21.
Bb3 Bxb3 22. axb3 Kf7 23. Ra1 Rb7 24. Ra6 Rfb8 25. Rha1 h5 26. Rxa7 Ke6 27. Rxb7
Rxb7 28. Ra6+ Kf5 29. Kd3 g5 30. g4+ hxg4 31. fxg4+ Kxg4 32. Rxf6 Rb4 33. Ke4
Rb5 34. Rf2 Kh3 35. Kd3 Kh4 36. Kc4 Rb7 37. b4 Kg4 38. c3 Rd7 39. cxd4 Rxd4+ 40.
Kc5 Rd8 41. b5 e4 {Game drawn by mutual agreement} 1/2-1/2